 Dungeon Crawl Stone Soup version 0.31.0-9-g3a7656b989 (webtiles) character file.

Game seed: 14743145024235164093

221 qw the Skirmisher (level 5, -7/30 HPs)
             Began as a Deep Elf Hunter on Feb 2, 2024.
             Mangled by Duvessa
             ... wielding a +0 short sword of protection
              (8 damage)
             ... on level 4 of the Dungeon.
             The game lasted 00:00:14 (2982 turns).

qw the Skirmisher (Deep Elf Hunter)                 Turns: 2982, Time: 00:00:14

Health: -7/30      AC:  7    Str: 10    XL:     5   Next: 65%
Magic:  7/7        EV: 11    Int: 14    God:
Gold:   131        SH:  0    Dex: 18    Spells: 4/4 levels left

rFire   . . .        a - +0 shortbow
rCold   . . .        (shield currently unavailable)
rNeg    . . .        g - +1 ring mail
rPois   .            f - +0 helmet
rElec   .            (no cloak)
rCorr   .            (no gloves)
SInv    .            (no boots)
Will    .....        d - amulet of faith
Stlth   +            (no ring)
HPRegen 0.25/turn    (no ring)
MPRegen 0.10/turn

%: faith
@: lit by a corona, glowing
A: no striking features
a: no special abilities


You were on level 4 of the Dungeon.
You visited 1 branch of the dungeon, and saw 4 of its levels.

You collected 131 gold pieces.


   Skills:
 - Level 2.1 Fighting
 + Level 9.0 Ranged Weapons
 - Level 2.4 Dodging
 - Level 1.2 Stealth


You had 4 spell levels left.
You didn't know any spells.
Your spell library was empty.

Inventory:

Hand Weapons
 a - a +0 shortbow (weapon)
Armour
 f - a +0 helmet (worn)
 g - a +1 ring mail (worn)
Jewellery
 d - an amulet of faith (around neck)
 j - a ring of flight
Wands
 n - a wand of quicksilver (1)
Potions
 b - a potion of degeneration {unknown}
 c - a potion of haste {unknown}
 e - a potion of might
 h - a potion of enlightenment {unknown}
 l - a potion of curing

Dungeon Overview and Level Annotations

Branches:
Dungeon (4/15)
 Temple: D:4-7

Altars:
Dithmenos
Gozag
Hepliaklqana

Shops:
D:2 =

Annotations:
D:3 1 runed translucent door, Crazy Yiuf
D:4 Dowan, Duvessa


Message History

Press: ? - help, Q - select action, (/) - cycle Shift-Dir - straight line, f/p - Duvessa The puff of flame hits Duvessa.
Duvessa is almost dead.
Duvessa misses you. Dowan hits you with a +0 dagger.
2978 ||| ZAPPING wand of flame (5) at 0,1 (Duvessa; floor).
Aiming: Throw Flame
Press: ? - help, Q - select action, (/) - cycle Shift-Dir - straight line, f/p - Duvessa The puff of flame hits Duvessa.
Duvessa is almost dead.
Duvessa barely misses you. Dowan hits you but does no damage.
2979 ||| ZAPPING wand of flame (4) at 0,1 (Duvessa; floor).
Aiming: Throw Flame
Press: ? - help, Q - select action, (/) - cycle Shift-Dir - straight line, f/p - Duvessa The puff of flame hits Duvessa but does no damage.
Duvessa is almost dead.
Duvessa completely misses you. Dowan gestures at you while chanting.
You are outlined in light.
2980 ||| ZAPPING wand of flame (3) at 0,1 (Duvessa; floor).
Aiming: Throw Flame
Press: ? - help, Q - select action, (/) - cycle Shift-Dir - straight line, f/p - Duvessa The puff of flame hits Duvessa but does no damage.
Duvessa is almost dead.
Duvessa says, "When magic and the sword combine, nothing stands against them."
Duvessa hits you but does no damage.
Dowan casts a spell.
Dowan blinks!
2981 ||| ZAPPING wand of flame (2) at 0,1 (Duvessa; floor).
Aiming: Throw Flame
Press: ? - help, Q - select action, (/) - cycle Shift-Dir - straight line, f/p - Duvessa The puff of flame misses Duvessa.
Duvessa hits you with a +0 short sword of protection.
2982 ||| ZAPPING wand of flame (1) at 0,1 (Duvessa; floor).
Aiming: Throw Flame
Press: ? - help, Q - select action, (/) - cycle Shift-Dir - straight line, f/p - Duvessa The puff of flame hits Duvessa but does no damage.
Duvessa is almost dead.
The now-empty wand crumbles to dust.
Duvessa hits you with a +0 short sword of protection!
You die...

##.........
##..........
##...........
##..#.........
##..##.........
##..####........
##..## ##...)...
##..## ##>.....
#@.## ##.....
#.e## ##....
....## ##...
...... ###.
......e ##
....... .......
.......


You could see Duvessa and Dowan.

Vanquished Creatures
  An ice beast (D:3)
  Terence (D:3)
  Robin (D:3)
  An adder (D:3)
  2 dart slugs
  A ribbon worm (D:3)
  An orc (D:3)
  5 endoplasms
  3 giant cockroaches
  14 goblins
  6 hobgoblins
  6 jackals (D:2)
  6 kobolds
  2 quokkas
  8 ball pythons
  2 bats
  5 frilled lizards
  8 rats
73 creatures vanquished.

Notes
Turn   | Place    | Note
-------+----------+-------------------------------------------
     0 | D:1      | qw the Deep Elf Hunter began the quest for the Orb.
     0 | D:1      | Reached XP level 1. HP: 12/12 MP: 3/3
     0 | D:1      | 0 ||| qw: Version: 0.3-a-155-g5e7d8dd
     0 | D:1      | 0 ||| qw: Game counter: 2797
     0 | D:1      | 0 ||| qw: Melee chars always use a shield: true
     0 | D:1      | 0 ||| qw: God list: Okawaru
     0 | D:1      | 0 ||| qw: Allow faded altars: false
     0 | D:1      | 0 ||| qw: Do Orc after clearing Dungeon:15 true
     0 | D:1      | 0 ||| qw: Do second Lair branch before Depths: true
     0 | D:1      | 0 ||| qw: Lair rune preference: random
     0 | D:1      | 0 ||| qw: Goals: Normal
     0 | D:1      | 0 ||| PLANNING D:1-11
    77 | D:1      | You fall into a shaft and drop 1 floor!
   123 | D:2      | Found Iggilo's Jewellery Emporium.
   128 | D:2      | 128 ||| SHOPLISTING +4 ring of protection (396 gold, have
                  | 8).
   128 | D:2      | 128 ||| SHOPLISTING amulet of faith (440 gold, have 8).
   128 | D:2      | 128 ||| SHOPLISTING amulet of guardian spirit (330 gold,
                  | have 8).
   128 | D:2      | 128 ||| SHOPLISTING amulet of reflection (330 gold, have
                  | 8).
   128 | D:2      | 128 ||| SHOPLISTING amulet of the acrobat (330 gold, have
                  | 8).
   128 | D:2      | 128 ||| SHOPLISTING ring "Upadd" {Fire +Blink rN+ Dex+2}
                  | (521 gold, have 8).
   128 | D:2      | 128 ||| SHOPLISTING ring of positive energy (220 gold, have
                  | 8).
   128 | D:2      | 128 ||| SHOPLISTING ring of willpower (275 gold, have 8).
   138 | D:2      | Reached skill level 6 in Ranged Weapons
   138 | D:2      | Reached XP level 2. HP: 13/16 MP: 4/4
   159 | D:2      | 159 ||| READING scroll labelled KANLYO VORU.
   162 | D:2      | 162 ||| DROPPING scroll of butterflies.
   291 | D:1      | 291 ||| READING scroll labelled RUVVERR VUWEDE.
   292 | D:1      | 292 ||| READING scroll labelled JILYNOVIXUL.
   537 | D:1      | Reached XP level 3. HP: 20/20 MP: 5/5
  1065 | D:1      | 1065 ||| READING scroll labelled NUEDYPH HIKKIU.
  1066 | D:1      | 1066 ||| READING scroll labelled GIOG HOMOURIA.
  1067 | D:1      | 1067 ||| READING scroll labelled GESHEU UTYTT.
  1068 | D:1      | 1068 ||| READING scroll labelled KUWYPONOEG.
  1068 | D:1      | Identified a scroll of acquirement
  1068 | D:1      | 1068 ||| ACQUIRING amulet of faith
  1068 | D:1      | Acquired an amulet of faith
  1070 | D:1      | 1070 ||| UPGRADING to amulet of faith.
  1076 | D:1      | 1076 ||| Stepping ~*~*~tactically~*~*~ (cloud).
  1084 | D:1      | HP: 5/20 [poisoned by you (poison gas)]
  1365 | D:2      | Reached skill level 7 in Ranged Weapons
  1741 | D:2      | Found a hazy altar of Hepliaklqana.
  1895 | D:2      | 1895 ||| UPGRADING to +0 ring mail.
  1905 | D:2      | 1905 ||| DROPPING +0 leather armour.
  1906 | D:2      | 1906 ||| READING scroll labelled OTA TEM ATI.
  1906 | D:2      | 1906 ||| ENCHANTING +0 ring mail.
  1907 | D:2      | 1907 ||| READING 4 scrolls labelled SIUCRU ORAE.
  1907 | D:2      | 1907 ||| IDENTIFYING puce potion
  1908 | D:2      | 1908 ||| READING 3 scrolls of identify.
  1908 | D:2      | 1908 ||| IDENTIFYING viscous silvery potion
  1909 | D:2      | 1909 ||| READING 2 scrolls of identify.
  1909 | D:2      | 1909 ||| IDENTIFYING blue potion
  1910 | D:2      | 1910 ||| READING scroll of identify.
  1910 | D:2      | 1910 ||| IDENTIFYING green potion
  1911 | D:2      | 1911 ||| DRINKING 2 sedimented purple potions.
  1912 | D:2      | 1912 ||| DRINKING 2 silvery potions.
  1913 | D:2      | 1913 ||| DROPPING potion of attraction.
  1914 | D:2      | 1914 ||| DROPPING potion of brilliance.
  1915 | D:2      | 1915 ||| DROPPING potion of invisibility.
  1981 | D:3      | Found a shadowy altar of Dithmenos.
  2094 | D:3      | Reached XP level 4. HP: 25/25 MP: 6/6
  2094 | D:3      | Found an opulent altar of Gozag.
  2137 | D:3      | Noticed Robin
  2150 | D:3      | HP: 6/25 [hobgoblin[Robin] (2)]
  2151 | D:3      | 2151 ||| READING scroll of teleportation.
  2151 | D:3      | HP: 1/25 [hobgoblin[Robin] (5)]
  2152 | D:3      | 2152 ||| DRINKING potion of heal wounds.
  2224 | D:3      | Noticed an ice beast
  2225 | D:3      | 2225 ||| ZAPPING wand of quicksilver (7) at 0,6 (ice beast;
                  | floor).
  2226 | D:3      | 2226 ||| ZAPPING wand of quicksilver (6) at 0,5 (ice beast;
                  | floor).
  2227 | D:3      | 2227 ||| ZAPPING wand of quicksilver (5) at 0,4 (ice beast;
                  | floor).
  2228 | D:3      | 2228 ||| ZAPPING wand of quicksilver (4) at 0,3 (ice beast;
                  | floor).
  2228 | D:3      | Killed an ice beast
  2229 | D:3      | Reached skill level 8 in Ranged Weapons
  2229 | D:3      | Reached XP level 5. HP: 29/29 MP: 7/7
  2435 | D:3      | Killed Robin
  2441 | D:3      | Reached skill level 9 in Ranged Weapons
  2577 | D:3      | Found a runed translucent door.
  2578 | D:3      | Noticed Crazy Yiuf
  2660 | D:3      | Noticed Terence
  2670 | D:3      | HP: 6/29 [Terence/puff of flame (12)]
  2671 | D:3      | Killed Terence
  2881 | D:3      | 2881 ||| UPGRADING to +0 helmet.
  2958 | D:4      | Noticed Duvessa
  2959 | D:4      | 2959 ||| ZAPPING wand of quicksilver (3) at -7,4 (Duvessa;
                  | floor).
  2960 | D:4      | 2960 ||| ZAPPING wand of flame (22) at -6,4 (Duvessa;
                  | floor).
  2960 | D:4      | Noticed Dowan
  2961 | D:4      | 2961 ||| ZAPPING wand of flame (21) at -5,4 (Duvessa;
                  | floor).
  2962 | D:4      | 2962 ||| ZAPPING wand of flame (20) at -4,4 (Duvessa;
                  | floor).
  2963 | D:4      | 2963 ||| ZAPPING wand of flame (19) at -3,3 (Duvessa;
                  | floor).
  2964 | D:4      | 2964 ||| ZAPPING wand of flame (18) at -2,2 (Duvessa;
                  | floor).
  2965 | D:4      | 2965 ||| ZAPPING wand of flame (17) at -1,1 (Duvessa;
                  | floor).
  2966 | D:4      | 2966 ||| ZAPPING wand of flame (16) at -1,1 (Duvessa;
                  | floor).
  2967 | D:4      | 2967 ||| ZAPPING wand of flame (15) at -1,1 (Duvessa;
                  | floor).
  2968 | D:4      | 2968 ||| ZAPPING wand of flame (14) at -1,1 (Duvessa;
                  | floor).
  2969 | D:4      | 2969 ||| ZAPPING wand of flame (13) at 0,1 (Duvessa;
                  | floor).
  2970 | D:4      | 2970 ||| ZAPPING wand of flame (12) at 0,1 (Duvessa;
                  | floor).
  2971 | D:4      | 2971 ||| ZAPPING wand of flame (11) at 0,1 (Duvessa;
                  | floor).
  2972 | D:4      | 2972 ||| ZAPPING wand of quicksilver (2) at 0,1 (Duvessa;
                  | floor).
  2973 | D:4      | 2973 ||| ZAPPING wand of flame (10) at 0,1 (Duvessa;
                  | floor).
  2974 | D:4      | 2974 ||| ZAPPING wand of flame (9) at 0,1 (Duvessa; floor).
  2975 | D:4      | 2975 ||| ZAPPING wand of flame (8) at 0,1 (Duvessa; floor).
  2976 | D:4      | 2976 ||| ZAPPING wand of flame (7) at 0,1 (Duvessa; floor).
  2976 | D:4      | HP: 4/30 [Dowan/+0 dagger (5)]
  2977 | D:4      | 2977 ||| ZAPPING wand of flame (6) at 0,1 (Duvessa; floor).
  2978 | D:4      | 2978 ||| ZAPPING wand of flame (5) at 0,1 (Duvessa; floor).
  2979 | D:4      | 2979 ||| ZAPPING wand of flame (4) at 0,1 (Duvessa; floor).
  2980 | D:4      | 2980 ||| ZAPPING wand of flame (3) at 0,1 (Duvessa; floor).
  2981 | D:4      | 2981 ||| ZAPPING wand of flame (2) at 0,1 (Duvessa; floor).
  2981 | D:4      | HP: 1/30 [Duvessa/+0 short sword of protection (3)]
  2982 | D:4      | 2982 ||| ZAPPING wand of flame (1) at 0,1 (Duvessa; floor).
  2982 | D:4      | Mangled by Duvessa

Levels and vault maps discovered:
D:1:      onia_arrival_mini_maze_b, layout_basic, serial_glass, glass_columns_a,
          glass_columns_a, glass_columns_a, glass_columns_a, glass_columns_c,
          glass_columns_c, glass_columns_b, glass_columns_b, glass_columns_c,
          glass_columns_c, glass_columns_c, glass_columns_a, glass_columns_a,
          glass_columns_b, chequers_garden
D:2:      layout_basic, serial_shops, shop, basic_altar, grunt_ministairs_2,
          nrook_campfire
D:3:      layout_basic, lemuel_crystal_altar,
          nicolae_dithmenos_through_a_glass_darkly, kennysheep_nondescript,
          minmay_unequal, uniq_robin, uniq_crazy_yiuf_cottage, uniq_terence
D:4:      layout_cave_pods, gammafunk_ghost_abyssal_escape, uniq_duvessa,
          uniq_ijyb

Skill      XL: |  1  2  3  4  5 |
---------------+----------------+-----
Ranged Weapons | 6 7 8 9 |  9.0
Fighting       | 2 |  2.1
Dodging        | |  2.4
Stealth        | |  1.2

Action                     |  1- 3 |  4- 6 || total
---------------------------+-------+-------++-------
   Fire: Shortbow          |   146 |    66 ||   212
  Evoke: Wand              |       |    28 ||    28
    Use: Scroll            |    12 |     1 ||    13
         Potion            |     2 |     1 ||     3
 Armour: Leather armour    |    29 |       ||    29
         Ring mail         |     3 |    51 ||    54
  Dodge: Dodged            |    30 |    39 ||    69

Table legend:
 A = Non-vault XP
 B = Vault XP
 C = Vault XP percentage of total XP
 D = Non-vault monster count
 E = Vault monster count
 F = Vault count percentage of total count
                 A         B        C        D         E       F
            +---------+---------+-------+---------+---------+-------
      Total |     231 |      86 |  27.1 |      54 |      19 |  26.0
            +---------+---------+-------+---------+---------+-------
        D:1 |      35 |       2 |   5.4 |      20 |       1 |   4.8
        D:2 |      41 |       6 |  12.8 |      25 |       2 |   7.4
        D:3 |     155 |      78 |  33.5 |       9 |      16 |  64.0
            +---------+---------+-------+---------+---------+-------
